 Dungeon Crawl Stone Soup version 0.31-a0-115-g4708a65 (webtiles) character file.

Game seed: 16682052446393375779

19824 BaronVonScrub the Severer (level 12, -3/99 (112) HPs)
             Began as a Minotaur Fighter on May 29, 2023.
             Was the Champion of Ru.
             Killed from afar by a hell hound (5 damage)
             ... with a blast of flame
             ... led by Azrael
             ... on level 2 of the Orcish Mines.
             The game lasted 00:48:46 (12565 turns).

BaronVonScrub the Severer (Minotaur Fighter)       Turns: 12565, Time: 00:48:46

HP:   -3/99 (112)   AC: 19    Str: 25    XL:     12   Next: 39%
MP:   10/11         EV: 11    Int:  2    God:    Ru [******]
Gold: 1250          SH:  0    Dex: 15    Spells: 11/11 levels left

rFire   . . .        a - +1 war axe (protect)
rCold   x x .        (shield unavailable)
rNeg    . . .        h - +7 chain mail of Mezcal {Int-3 Dex+4 SInv}
rPois   .            (helmet restricted)
rElec   .            (no cloak)
rCorr   .            (no gloves)
SInv    +            (no boots)
Will    .....        n - amulet of faith Stlth
                     (ring unavailable)
HPRegen 0.36/turn    k - ring of fire
MPRegen 0.12/turn

%: faith
@: studying Ranged Weapons, heavily drained
A: horns 2, missing a hand, weak-willed 1, temperature sensitive, retaliatory
headbutt
a: Renounce Religion, Draw Out Power, Power Leap, Apocalypse


You were on level 2 of the Orcish Mines.
You worshipped Ru.
Ru was exalted by your worship.
You visited 2 branches of the dungeon, and saw 12 of its levels.
You also visited: Ossuary.

You collected 1310 gold pieces.
You spent 60 gold pieces at shops.

Inventory:

Hand Weapons
 a - a +1 war axe of protection (weapon)
 r - a +1 glaive of flaming
Missiles
 q - 2 throwing nets
Armour
 b - a +1 scale mail
 c - a +0 buckler
 h - the +7 chain mail of Mezcal (worn) {Int-3 Dex+4 SInv}
   (You found it on level 3 of the Dungeon)

   Int:       It affects your intelligence (-3).
   Dex:       It affects your dexterity (+4).
   SInv:      It lets you see invisible.
Jewellery
 j - a ring of ice
 k - a ring of fire (right hand)
 l - a ring of protection from cold
 n - an amulet of faith (around neck)
 p - an amulet of the acrobat
 u - a ring of protection from fire
 x - a +6 ring of intelligence
Wands
 i - a wand of iceblast (20)
 w - a wand of paralysis (14)
 y - a wand of flame (7)
 A - a wand of mindburst (2)
Scrolls
 e - 14 scrolls of identify
 m - a scroll of torment
 o - 5 scrolls of teleportation
Potions
 d - 4 potions of might
 f - 5 potions of curing
 s - a potion of haste
 t - 3 potions of brilliance
 z - 2 potions of enlightenment
Miscellaneous
 g - a phantom mirror


   Skills:
 + Level 12.0 Fighting
 + Level 16.8 Axes
 + Level 12.6 Armour
 + Level 4.5 Dodging


You had 11 spell levels left.
You didn't know any spells.
Your spell library contained the following spells:

 Spells                   Type           Power      Damage    Failure   Level
 Kiss of Death            Conj/Necr      0%         2d5       94%         1
 Scorch                   Fire           0%         2d5       98%         2
 Confusing Touch          Hex            0%         N/A       100%        3
 Inner Flame              Hex/Fire       0%         N/A       100%        3
 Summon Guardian Golem    Hex/Summ       0%         N/A       100%        3
 Anguish                  Hex/Necr       0%         N/A       100%        4
 Cause Fear               Hex            0%         N/A       100%        4
 Dispel Undead            Necr           0%         3d6       100%        4
 Flame Wave               Conj/Fire      0%         2d4       100%        4
 Sticky Flame             Conj/Fire      0%         2d3       100%        4
 Summon Forest            Summ/Tloc      0%         N/A       100%        5
 Eringya's Noxious Bog    Tmut/Pois      0%         N/A       100%        6
 Summon Cactus Giant      Summ           0%         N/A       100%        6
 Enfeeble                 Hex            0%         N/A       100%        7
 Monstrous Menagerie      Summ           0%         N/A       100%        7
 Summon Hydra             Summ           0%         N/A       100%        7
 Dragon's Call            Summ           0%         N/A       100%        9


Dungeon Overview and Level Annotations

Branches:
Dungeon (10/15)            Temple (0/1) D:7            Lair (0/5) D:9
    Orc (2/2) D:10            Elf (0/3) Orc:2       Ossuary (visited)

Altars:
Cheibriados
Okawaru
Qazlal
Ru
Wu Jian
Xom
The Shining One

Shops:
D:4 (!*   D:10 =   Orc:1 *

Annotations:
D:10 exclusion: ice statue
Orc:2 Azrael


Innate Abilities, Weirdness & Mutations

You have a pair of horns on your head.
You are missing a hand.
You are slightly weak-willed. (Will-)
You are sensitive to extremes of temperature. (rF-, rC-)
You reflexively headbutt those who attack you in melee.


Message History

The hell hound begins to attack, but is stunned by your conviction!
You redirect the hell hound's attack!
Items here: ))) [.
Items here: ))) [[[ ÷÷÷.
The hell hound breathes flames at you.
The blast of flame hits you but does no damage.
The hell hound breathes flames at you. The blast of flame hits you!!
The fire burns you terribly!
You focus your inner power and paralyse the hell hound in retribution!
A hell hound is nearby!
The helpless hell hound fails to defend itself.
You slice the hell hound!!
Your weapon exudes an aura of protection.
You kill the hell hound!
Your Fighting skill increases to level 12!
Azrael gestures at you.
The fireball explodes!
The fireball engulfs you!! The fire burns you terribly!
You hear a bark! x2
Azrael gestures at you.
The sphere of damnation explodes!
The damnation engulfs you!!
* * * LOW HITPOINT WARNING * * *
You hear a bark! x3
You feel much better.
You feel much better.
A hell hound comes into view.
You redirect the hell hound's attack!
A hell hound comes into view.
You feel more attuned to fire.
k - a ring of fire (right hand)
The hell hound barks! 2 hell hounds come into view.
The hell hound barks! x2
A hell hound comes into view.
Azrael gestures at you.
The sphere of damnation explodes!
The damnation engulfs you!!!
* * * LOW HITPOINT WARNING * * *
The hell hound breathes flames at you.
The blast of flame hits the hell hound.
The hell hound completely resists.
The blast of flame hits you.
You die...

.....##.#........# ##..
.................#### #.)°
........#......####.# ##○#
..<....#)...#..# #.### ##☼..
............#.#####..#### #)○..
.##........#####........## ##.○..
######......#####........# #..R..
#........##..........#####†...
###.........#..@.h○°hh#.#.......
##................R.#hh..#.○....#
#..................###....R.....#
..................###.........##.
.......<..##.....####.........###
..†.....#........#.#........#####
.......##.........##............#
....))##.........................
#...........###..........##...>..


You could see Azrael and 5 hell hounds.

Vanquished Creatures
  An ogre mage (D:10)
  Erolcha (Orc:1)
  2 two-headed ogres
  A boulder beetle (D:7)
  3 orc knights
  Pikel (D:6)
  A necromancer (D:10)
  An orc sorcerer (Orc:2)
  A deep elf pyromancer (D:7)
  An ugly thing (D:7)
  A manticore (D:7)
  Maurice (Orc:1)
  A gargoyle (D:10)
  An unseen horror (D:7)
  Maggie (D:6)
  A komodo dragon (D:7)
  3 kobold demonologists
  2 trolls (Orc:2)
  The ghost of a5tp the Shield-Bearer, an amateur GrFi (D:4)
  Sigmund (D:5)
  2 shadows (D:10)
  9 yaks
  A wraith (D:9)
  2 vampires
  2 wyverns (D:9)
  Eustachio (D:6)
  A basilisk (D:9)
  2 steam dragons
  3 wargs
  An acid dragon (D:10)
  5 water moccasins
  A hell hound (Orc:2)
  4 ice beasts
  20 orc warriors
  2 sky beasts (D:7)
  A black bear (D:6)
  5 ogres
  A boggart (D:10)
  6 centaurs
  A phantom (D:5)
  A lemure (D:6)
  3 kobold brigands
  4 bullfrogs
  3 scorpions (D:5)
  A gnoll sergeant (D:8)
  7 wights
  4 howler monkeys
  2 hounds (D:7)
  3 jellies
  Crazy Yiuf (D:6)
  15 orc priests
  A gnoll bouda (D:10)
  Jessica (D:2)
  A sleepcap (D:6)
  7 iguanas
  14 orc wizards
  A centaur simulacrum (D:4)
  A scorpion simulacrum (D:4)
  A mummy (Ossuary)
  6 gnolls
  10 adders
  3 hound simulacra (D:4)
  A shadow imp (D:7)
  2 white imps (D:4)
  2 ufetubi
  A worm (D:2)
  2 dart slugs
  An adder simulacrum (D:4)
  69 orcs
  2 spectral bats (Ossuary)
  4 endoplasms
  2 giant cockroaches
  11 hobgoblins
  3 jackals
  4 quokkas
  7 ball pythons
  6 bats
  A bat simulacrum (Ossuary)
  4 frilled lizards
  12 gnoll zombies (Ossuary)
  4 goblins
  2 goblin simulacra (Ossuary)
  4 goblin zombies (Ossuary)
  3 hobgoblin zombies (Ossuary)
  21 kobolds
  2 kobold simulacra (Ossuary)
  4 kobold zombies (Ossuary)
  7 orc zombies (Ossuary)
  2 quokka zombies (D:8)
  9 rats
  4 rat simulacra (Ossuary)
  2 spectral goblins (Ossuary)
  A spectral kobold (Ossuary)
  3 spectral rats (Ossuary)
388 creatures vanquished.

Vanquished Creatures (others)
  A hydra (D:10)
  An orc knight (Orc:2)
  An orc priest (D:9)
  2 orcs
5 creatures vanquished.

Grand Total: 393 creatures vanquished

Notes
Turn   | Place    | Note
-------+----------+-------------------------------------------
     0 | D:1      | BaronVonScrub the Minotaur Fighter began the quest for the
                  | Orb.
     0 | D:1      | Reached XP level 1. HP: 19/19 MP: 0/0
   118 | D:1      | Found a faded altar of an unknown god.
   186 | D:1      | Reached XP level 2. HP: 27/27 MP: 1/1
   546 | D:1      | Reached XP level 3. HP: 32/33 MP: 2/2
  1646 | D:2      | Reached skill level 3 in Axes
  1646 | D:2      | Reached XP level 4. HP: 38/41 MP: 3/3
  2043 | D:2      | Noticed Jessica
  2047 | D:2      | Killed Jessica
  2433 | D:3      | Found a sacrificial altar of Ru.
  2440 | D:3      | Reached skill level 4 in Axes
  2440 | D:3      | Reached skill level 5 in Armour
  2440 | D:3      | Reached XP level 5. HP: 47/47 MP: 4/4
  2656 | D:3      | Identified the +7 chain mail of Mezcal {Int-3 Dex+4 SInv}
  2871 | D:3      | Found a stormy altar of Qazlal.
  2871 | D:3      | Found a snail-covered altar of Cheibriados.
  3051 | D:3      | Became a worshipper of Ru the Awakened
  3073 | D:4      | Noticed an ogre
  3078 | D:4      | Killed an ogre
  3079 | D:4      | Reached skill level 1 in Dodging
  3121 | D:4      | Reached skill level 5 in Axes
  3121 | D:4      | Reached XP level 6. HP: 53/53 MP: 5/5
  3131 | D:4      | Found Xicuecep's Distillery.
  3137 | D:4      | Found a runed translucent gate.
  3137 | D:4      | Found a runed translucent gate.
  3139 | D:4      | Bought a potion of berserk rage for 60 gold pieces
  3280 | D:4      | Found Meel Hea's Assorted Antiques.
  3515 | D:4      | Found a runed translucent gate.
  3543 | D:4      | Noticed a5tp's ghost (amateur GrFi)
  3591 | D:4      | Killed a5tp's ghost
  3592 | D:4      | Reached skill level 5 in Fighting
  3592 | D:4      | Reached skill level 6 in Axes
  3639 | D:4      | Reached XP level 7. HP: 61/61 MP: 6/6
  4046 | D:4      | Found Roushocis's Antique Weapon Shop.
  4375 | D:5      | Entered Level 5 of the Dungeon
  4385 | D:5      | Reached skill level 7 in Axes
  4453 | D:5      | Identified the +3 leather armour of Tomorrow {Str+2}
  4552 | D:5      | Reached skill level 8 in Axes
  4552 | D:5      | Reached XP level 8. HP: 70/70 MP: 7/7
  4559 | D:5      | Reached skill level 5 in Shields
  4567 | D:5      | Gained mutation: You are sensitive to extremes of
                  | temperature. (rF-, rC-) [Ru sacrifice]
  4567 | D:5      | Reached * piety under Ru
  4567 | D:5      | Reached ** piety under Ru
  4638 | D:5      | Found a shimmering altar of Xom.
  4756 | D:5      | Found an ornate altar of the Wu Jian Council.
  4756 | D:5      | Noticed Sigmund
  4770 | D:5      | Killed Sigmund
  4771 | D:5      | Reached skill level 9 in Axes
  4947 | D:6      | Found a glowing golden altar of the Shining One.
  5046 | D:6      | Identified the +7 short sword of Corruption {freeze, rPois
                  | Str+3}
  5115 | D:6      | Noticed Pikel
  5129 | D:6      | Killed Pikel
  5130 | D:6      | Reached skill level 10 in Axes
  5130 | D:6      | Reached XP level 9. HP: 79/79 MP: 8/8
  5311 | D:6      | Noticed Eustachio
  5326 | D:6      | Killed Eustachio
  5327 | D:6      | Reached skill level 11 in Axes
  5333 | D:6      | Found a runed translucent door.
  5334 | D:6      | Noticed Crazy Yiuf
  5498 | D:6      | Noticed Maggie
  5513 | D:6      | Killed Maggie
  5709 | D:6      | Killed Crazy Yiuf
  5734 | D:7      | Found a staircase to the Ecumenical Temple.
  6117 | D:7      | Reached skill level 12 in Axes
  6337 | D:7      | Found an iron altar of Okawaru.
  6404 | D:7      | Gained mutation: You are missing a hand. [Ru sacrifice]
  6404 | D:7      | Reached *** piety under Ru
  6404 | D:7      | Reached **** piety under Ru
  6404 | D:7      | Reached ***** piety under Ru
  6649 | D:7      | Reached XP level 10. HP: 88/88 MP: 9/9
  6696 | D:7      | Noticed a deep elf pyromancer
  6696 | D:7      | Noticed a manticore
  6696 | D:7      | Noticed a brown ugly thing
  6698 | D:7      | Noticed a two-headed ogre
  6700 | D:7      | Killed a deep elf pyromancer
  6712 | D:7      | Noticed a boulder beetle
  6713 | D:7      | Killed a brown ugly thing
  6714 | D:7      | Reached skill level 13 in Axes
  6723 | D:7      | Killed a manticore
  7042 | D:7      | Killed a boulder beetle
  7064 | D:7      | Killed a two-headed ogre
  7106 | D:7      | Reached skill level 10 in Armour
  7117 | D:7      | Got Kemirer's Omnibus of Invitation
  7133 | D:7      | Identified the staff of fire "Ruucriyt" {rElec rF+ rC+}
  7403 | D:8      | Reached skill level 14 in Axes
  7531 | D:8      | Found a sand-covered staircase.
  7539 | Ossuary  | Entered an ossuary
  7755 | Ossuary  | Gained mutation: You are slightly weak-willed. (Will-) [Ru
                  | sacrifice]
  7755 | Ossuary  | Reached ****** piety under Ru
  8195 | D:8      | Reached XP level 11. HP: 93/97 MP: 10/10
  8635 | D:9      | Noticed a two-headed ogre
  8654 | D:9      | Killed a two-headed ogre
  8897 | D:9      | Reached skill level 10 in Fighting
  9156 | D:9      | Found a staircase to the Lair.
  9279 | D:9      | Reached skill level 15 in Axes
  9786 | D:10     | Entered Level 10 of the Dungeon
 10041 | D:10     | Noticed a necromancer
 10062 | D:10     | Killed a necromancer
 10346 | D:10     | Noticed a seven-headed hydra
 10349 | D:10     | Killed a seven-headed hydra
 10372 | D:10     | Noticed an ogre mage
 10387 | D:10     | Killed an ogre mage
 10746 | D:10     | Found a staircase to the Orcish Mines.
 10845 | Orc:1    | Entered Level 1 of the Orcish Mines
 10845 | Orc:1    | Noticed an orc knight
 10851 | Orc:1    | Noticed Erolcha
 10852 | Orc:1    | Reached skill level 16 in Axes
 11002 | D:10     | Found Woaw's Jewellery Shop.
 11644 | Orc:1    | Killed Erolcha
 11645 | Orc:1    | Reached XP level 12. HP: 84/95 MP: 2/11
 11646 | Orc:1    | Noticed Maurice
 11668 | Orc:1    | Killed Maurice
 11855 | Orc:1    | Found Egumoufo's Gadget Gallery.
 11956 | Orc:2    | Entered Level 2 of the Orcish Mines
 12285 | Orc:2    | Found a staircase to the Elven Halls.
 12526 | Orc:2    | Noticed Azrael
 12565 | Orc:2    | HP: 2/99 [Azrael/damnation (41)]
 12565 | Orc:2    | Killed from afar by a hell hound

Illustrated notes

Levels and vault maps discovered:
D:1:      dpeg_arrival_tiny_a, layout_loops_corners,
          hellmonk_ecumenical_altar_prayer_group
D:2:      layout_basic, st_stairs_2, uniq_jessica
D:3:      layout_loops_cross, gammafunk_temple_overflow_wave,
          nicolae_ru_great_annihilating_truth
D:4:      minmay_angry_zag, layout_loops_ring, gammafunk_ghost_icy,
          serial_shops, shop, nicolae_shop_industrial_runoff,
          nicolae_shop_window_shopping
D:5:      layout_basic, mainiacjoe_overflow_catch_the_wave, uniq_sigmund
D:6:      layout_rooms, tso_metal_star, uniq_maggie, uniq_crazy_yiuf_cottage,
          uniq_eustachio, uniq_pikel
D:7:      minmay_the_grid_triangle_9x9_rhombus_full
          [minmay_the_grid_triangle_9x9_wacky_v,
          minmay_the_grid_triangle_9x9_pentomino_pain,
          minmay_the_grid_triangle_9x9_dagger,
          minmay_the_grid_triangle_9x9_minimal,
          minmay_the_grid_triangle_9x9_limited_checkers,
          minmay_the_grid_triangle_9x9_corruption,
          minmay_the_grid_triangle_9x9_empty,
          minmay_the_grid_triangle_9x9_prize_center], layout_gridville,
          kennysheep_mini, minmay_temple_entry_glass, item_on_display_a
D:8:      layout_cave_pods, enter_ossuary_4
D:9:      layout_basic, minmay_lair_entry_grove, special_room
          [special_room_orc], st_stairs_14, david_defended_altar_orc
D:10:     nicolae_hexawheel, layout_stronghold, serial_shops,
          nicolae_shop_tiny_glass, minivault_16, minmay_strange_pillars,
          minmay_misc_feat_four_crosses
Orc:1:    layout_caves, nicolae_shop_gadgets, uniq_erolcha, uniq_maurice
Orc:2:    grunt_orc_tribal_feast, layout_diamond_mine, serial_shops,
          nicolae_shop_hallway_plus, uniq_azrael

Skill      XL: |  1  2  3  4  5  6  7  8  9 10 11 12 |
---------------+-------------------------------------+-----
Armour         | 4 5 6 7 8 10 11 12 | 12.6
Fighting       | 4 5 7 8 9 11 12 | 12.0
Shields        | 4 5 0 |  0.0
Axes           | 3 4 5 6 8 10 12 14 16 | 16.8
Dodging        | 1 2 3 4 |  4.5

Action                     |  1- 3 |  4- 6 |  7- 9 | 10-12 || total
---------------------------+-------+-------+-------+-------++-------
  Melee: War axe           |    74 |   100 |   224 |   461 ||   859
         Headbutt          |    10 |    14 |    47 |   111 ||   182
 Invoke: Sacrifice Resista |       |       |     1 |       ||     1
         Sacrifice a Hand  |       |       |     1 |       ||     1
         Apocalypse        |       |       |       |     7 ||     7
         Sacrifice Essence |       |       |       |     1 ||     1
    Use: Potion            |     5 |     3 |     1 |     8 ||    17
         Scroll            |     4 |     2 |     5 |     5 ||    16
   Stab: Paralysed         |       |     1 |       |     6 ||     7
         Invisible         |       |       |     1 |     1 ||     2
         Confused          |       |       |       |     1 ||     1
         Distracted        |       |       |       |     3 ||     3
         Petrifying        |       |       |       |     1 ||     1
 Armour: Scale mail        |    29 |    22 |       |       ||    51
         Chain mail        |       |    24 |   111 |   214 ||   349
  Dodge: Dodged            |    39 |    39 |    71 |   191 ||   340
  Block: Buckler           |    18 |    27 |    30 |       ||    75

Table legend: (Time is in decaauts)
 A = Elapsed time spent in this place.
 B = Non-inter-level travel time spent in this place.
 C = Inter-level travel time spent in this place.
 D = Time resting spent in this place.
 E = Time spent auto-exploring this place.
 F = Levels seen in this place.
 G = Mean time per level.
                   A        B        C        D        E       F      G
               +--------+--------+--------+--------+--------+-----+--------+
         Total |  12546 |  11485 |   1061 |   1794 |   7519 |  13 |  965.1 |
       Dungeon |  11338 |  10303 |   1035 |   1538 |   6917 |  10 | 1133.8 |
  Orcish Mines |    906 |    880 |     26 |    256 |    426 |   2 |  453.0 |
       Ossuary |    301 |    301 |      0 |      0 |    176 |   1 |  301.0 |
               +--------+--------+--------+--------+--------+-----+--------+

Top non-repeatable levels by time:
    D:10: 1822 daAuts
     D:7: 1573 daAuts
     D:2: 1404 daAuts
     D:4: 1338 daAuts
     D:8: 1315 daAuts
     D:1: 927 daAuts
     D:3: 796 daAuts
     D:9: 793 daAuts
     D:6: 787 daAuts
   Orc:2: 584 daAuts
     D:5: 580 daAuts
   Orc:1: 321 daAuts
 Ossuary: 301 daAuts
